 Dungeon Crawl Stone Soup version 0.25-a0-731-g0472a16d6a (webtiles) character file.

Game seed: 12640025391016768874, levelgen mode: deterministic

24236 Conn the Thaumaturge (level 13, 0/132 HPs)
             Began as an Octopode Wizard on Apr 9, 2020.
             Was an Elder of Vehumet.
             Killed from afar by a rime drake (19 damage)
             ... with a flash freeze
             ... on level 5 of the Lair of Beasts.
             The game lasted 01:46:22 (21654 turns).

Conn the Thaumaturge (Octopode Wizard)             Turns: 21654, Time: 01:46:25

Health: 0/132      AC: 29    Str: 10    XL:     13   Next: 11%
Magic:  6/28       EV:  2    Int: 21    God:    Vehumet [****..]
Gold:   731        SH:  4    Dex: 11    Spells: 7/34 levels left

rFire    . . .     SeeInvis .   e - +3 dagger (venom)
rCold    . . .     Gourm    .   x - +0 buckler
rNeg     + + +     Faith    .   (helmet currently unavailable)
rPois    +         Spirit   .   (no amulet)
rElec    .         Reflect  .   d - ring of flight
rCorr    .         Harm     .   u - +4 ring of evasion
MR       .....     NoTele   +   o - +3 ring of evasion
Stlth    ++++......             q - +3 ring of protection
HPRegen  0.32/turn              (no ring)
MPRegen  0.21/turn              (no ring)
                                (no ring)
                                (no ring)

@: mighty, tree-form, frozen ramparts
A: almost no armour, stealthy swim, (amphibious), 8 rings, (constrict 8),
subdued magic 1
a: Renounce Religion


You were on level 5 of the Lair of Beasts.
You worshipped Vehumet.
Vehumet was greatly pleased with you.
You were hungry.
You were a tree.
You visited 3 branches of the dungeon, and saw 16 of its levels.
You visited the Abyss 1 time.

You collected 841 gold pieces.
You spent 110 gold pieces at shops.

Inventory:

Hand Weapons
 e - a +3 dagger of venom (weapon)
 B - a +2 scimitar of protection
Missiles
 g - a curare-tipped dart
 k - 83 sling bullets
 t - 4 throwing nets (quivered)
Armour
 a - a +2 hat (melded)
 x - a +0 buckler (worn)
Jewellery
 d - a ring of flight (left branch)
 o - a +3 ring of evasion (on tentacle)
 q - a +3 ring of protection (on tentacle)
 u - a +4 ring of evasion (right branch)
 w - an uncursed ring of fire
Wands
 f - a wand of disintegration (35)
 i - a wand of digging (3)
 m - a wand of flame (9)
 s - a wand of paralysis (6)
Scrolls
 b - 19 scrolls of identify
 h - a scroll of fog
 j - 3 scrolls of amnesia
 l - 2 scrolls of teleportation
 n - 3 scrolls of remove curse
 y - 2 scrolls of enchant armour
Potions
 p - a potion of haste
 v - a potion of curing
 z - 2 potions of stabbing
 A - 2 potions of lignification
 C - a potion of heal wounds
Comestibles
 c - 25 rations


   Skills:
 * Level 8.3 Fighting
 + Level 5.7 Short Blades
 + Level 0.4 Throwing
 + Level 5.3 Dodging
 - Level 8.5 Stealth
 * Level 1.7 Shields
 + Level 0.1 Unarmed Combat
 * Level 11.3 Spellcasting
 * Level 6.9 Conjurations
 + Level 3.4 Summonings
 + Level 4.7 Translocations
 + Level 3.3 Transmutations
 + Level 2.2 Fire Magic
 + Level 5.5 Ice Magic
 + Level 4.7 Air Magic
 + Level 1.4 Earth Magic
 + Level 3.6 Poison Magic
 + Level 0.5 Evocations


You had 7 spell levels left.
You knew the following spells:

 Your Spells              Type           Power        Failure   Level  Hunger
a - Magic Dart            Conj           ####         1%          1    None
b - Blink                 Tloc           N/A          1%          2    None
c - Call Imp              Summ           ###.....     1%          2    None
d - Conjure Flame         Conj/Fire      ###.....     1%          3    None
e - Mephitic Cloud        Conj/Pois/Air  ####....     1%          3    None
f - Freeze                Ice            ####         1%          1    None
g - Sandblast             Erth           ##....       1%          1    None
h - Ice Form              Ice/Tmut       ###.....     10%         4    #......
i - Frozen Ramparts       Ice            ####..       1%          3    None
j - Airstrike             Air            ###.......   2%          4    #......
k - Stone Arrow           Conj/Erth      ###...       1%          3    None

Your spell library contained the following spells:

 Spells                   Type           Power        Failure   Level  Hunger
 Starburst                Conj/Fire      ###.......   36%         6    ######.
 Poisonous Vapours        Pois/Air       ###...       1%          2    None
 Slow                     Hex            #.......     10%         2    None
 Freezing Cloud           Conj/Ice/Air   ####......   24%         6    ######.
 Ozocubu's Refrigeration  Ice            ####......   26%         6    ######.
 Metabolic Englaciation   Hex/Ice        ###.......   50%         5    ####...
 Simulacrum               Ice/Necr       ###.......   98%         6    ######.
 Ring of Flames           Chrm/Fire      ##........   100%        7    #######


Dungeon Overview and Level Annotations

Branches:
Dungeon (10/15)            Temple (1/1) D:4            Lair (5/6) D:8
 Shoals (0/4) Lair:3        Snake (0/4) Lair:3
  Slime: Lair:5-6       Orc: D:9-12

Altars:
Ashenzari
Cheibriados
Dithmenos
Elyvilon
Fedhas
Gozag
Hepliaklqana
Kikubaaqudgha
Makhleb
Nemelex Xobeh
Okawaru
Qazlal
Ru
Sif Muna
Trog
Uskayaw
Vehumet
Wu Jian
Xom
Yredelemnul
Zin
The Shining One

Shops:
D:5 *

Annotations:
Lair:3 1 exclusion, strylygaldwir's ghost, journeyman GrEE
Lair:5 exclusion: oklob plant


Innate Abilities, Weirdness & Mutations

You cannot wear most types of armour.
You are very stealthy in the water. (Stealth+)
((You are amphibious.))
You can wear up to eight rings at the same time.
((You can use your tentacles to constrict eight enemies at once.))
((Your skin changes colour to match your surroundings (Stealth+).))
((Your rubbery body absorbs attacks. (AC +1, EV +1)))
((You have very sharp teeth.))
((You are partially covered in icy blue scales. (AC +2)))
((You can translocate small distances at will.))
Your spells are a little easier to cast, but a little less powerful.


Message History

Okay, then.
You feel very mighty all of a sudden.
The elephant seems less confused.
The water moccasin bites you but does no damage.
The rime drake resists.
The wall freezes the rime drake.
The rime drake bites you but does no damage.
The wall freezes the elephant.
You block the elephant's attack.
The elephant trunk-slaps you but does no damage.
The water moccasin bites you but does no damage.
The elephant tramples you but does no damage.
The elephant trunk-slaps you but does no damage.
The water moccasin completely misses you.
The wall freezes the yak.
You hit the elephant.
The elephant is poisoned.
The elephant is lightly wounded.
The rime drake seems less confused.
The rime drake resists.
The wall freezes the rime drake.
The rime drake breathes ice at you. The flash freeze hits you!!
You die...

##### ###PP.# ####
#...P.###.k## P
####.#..YYYY♣..#
....#...#...P..YSS.###
..............†....P.# ##
P.#.##.###..PPP......##.#
# ## #P..P.........#
##........<...##.#
#......PP.#......#
##.................
#.................


You could see 2 elephants, 3 yaks, a rime drake and 2 water moccasins.

Vanquished Creatures
  Harold (D:10)
  3 hydras
  Erica (D:10)
  2 death yaks (Lair:4)
  Nergalle (D:10)
  Pikel (D:7)
  A merfolk siren (Lair:3)
  5 black mambas
  An elephant (Lair:4)
  4 spiny frogs
  3 komodo dragons
  A queen bee (Lair:1)
  2 trolls
  6 blink frogs
  2 polar bears (Lair:3)
  7 hippogriffs
  A spriggan (Lair:3)
  12 yaks
  A vampire (D:9)
  2 wyverns
  A spectral komodo dragon (Lair:3)
  2 basilisks
  A hungry ghost (D:7)
  4 nagas (Lair:3)
  A slave (D:8)
  5 orc warriors
  13 porcupines
  5 water moccasins
  3 black bears
  3 ice beasts
  2 sky beasts
  6 ogres
  A phantom (D:4)
  10 wolves
  A centaur (D:6)
  8 crocodiles
  10 bullfrogs
  A water moccasin zombie (D:5)
  3 scorpions
  15 killer bees (Lair:1)
  5 wights
  2 electric eels (Lair:3)
  2 howler monkeys
  4 crimson imps
  3 komodo dragon simulacra (Lair:3)
  6 jellies
  15 orc wizards
  A centaur skeleton (D:9)
  9 orc priests
  5 hounds
  A bullfrog skeleton (D:10)
  An iguana (D:7)
  Jessica (D:8)
  Ijyb (D:5)
  6 worker ants
  3 hound zombies
  2 hound skeletons
  6 adders
  4 gnolls (D:5)
  2 shadow imps
  6 oozes
  2 adder skeletons
  4 worms
  5 dart slugs
  7 leopard geckos
  50 orcs
  9 giant cockroaches
  5 goblins
  3 hobgoblins
  3 jackals (D:6)
  8 quokkas
  A ball python (D:2)
  6 bats
  6 frilled lizards
  A jackal skeleton (D:4)
  3 kobolds (D:2)
  2 leopard gecko skeletons
  A quokka skeleton (D:4)
  A quokka zombie (D:6)
  10 rats
364 creatures vanquished.

Vanquished Creatures (collateral kills)
  A killer bee (Lair:1)
  2 wights
  A crimson imp (D:5)
  A hound (D:2)
  An orc priest (D:9)
  A kobold (D:1)
7 creatures vanquished.

Vanquished Creatures (others)
  2 slaves (D:8)
  A bullfrog (Lair:1)
  3 killer bees (Lair:1)
  4 fungi
  4 plants
14 creatures vanquished.

Grand Total: 385 creatures vanquished

Notes
Turn   | Place    | Note
-------+----------+-------------------------------------------
     0 | D:1      | Conn the Octopode Wizard began the quest for the Orb.
     0 | D:1      | Reached XP level 1. HP: 11/11 MP: 4/4
    66 | D:1      | Reached XP level 2. HP: 13/17 MP: 0/6
    71 | D:1      | Learned a level 2 spell: Blink
    74 | D:1      | Learned a level 2 spell: Call Imp
  1301 | D:2      | Reached XP level 3. HP: 21/21 MP: 2/7
  1531 | D:2      | Reached skill level 1 in Fighting
  1531 | D:2      | Reached XP level 4. HP: 28/28 MP: 6/9
  1556 | D:2      | Learned a level 3 spell: Conjure Flame
  1630 | D:2      | Noticed a moth of wrath
  1633 | D:2      | Found a bloodstained altar of Trog.
  1703 | D:2      | Found a faded altar of an unknown god.
  1895 | D:2      | Reached XP level 5. HP: 29/33 MP: 10/10
  2042 | D:2      | You fall into a shaft and drop 1 floor!
  2404 | D:2      | Learned a level 3 spell: Mephitic Cloud
  2443 | D:2      | Reached skill level 4 in Spellcasting
  2834 | D:3      | Found a sparkling altar of Nemelex Xobeh.
  3695 | D:4      | Found a staircase to the Ecumenical Temple.
  3707 | Temple   | Entered the Ecumenical Temple
  3713 | Temple   | Reached skill level 1 in Short Blades
  3766 | Temple   | Became a worshipper of Vehumet
  3837 | D:4      | Reached XP level 6. HP: 23/39 MP: 2/12
  4442 | D:4      | Noticed a phantom
  4520 | D:5      | Entered Level 5 of the Dungeon
  4783 | D:4      | Found a stormy altar of Qazlal.
  5164 | D:4      | Killed a phantom
  5164 | D:4      | Reached XP level 7. HP: 21/46 MP: 0/14
  5387 | D:5      | Found Ovuroikk's General Store.
  5393 | D:5      | Bought 2 potions of heal wounds for 110 gold pieces
  5587 | D:5      | Reached skill level 5 in Spellcasting
  5690 | D:5      | Noticed Ijyb
  5812 | D:5      | Killed Ijyb
  5823 | D:5      | Found a shattered altar of Ashenzari.
  6030 | D:5      | Reached * piety under Vehumet
  6030 | D:5      | Offered knowledge of Freeze by Vehumet.
  6064 | D:5      | Reached skill level 1 in Poison Magic
  6756 | D:5      | Reached XP level 8. HP: 52/54 MP: 7/16
  6965 | D:5      | Reached skill level 6 in Spellcasting
  7202 | D:5      | Found a white marble altar of Elyvilon.
  7204 | D:5      | Found a shimmering altar of Xom.
  7204 | D:5      | Found a snail-covered altar of Cheibriados.
  7206 | D:5      | Found a hazy altar of Hepliaklqana.
  7206 | D:5      | Found a hide-covered altar of Uskayaw.
  7206 | D:5      | Found a white marble altar of Elyvilon.
  7285 | D:5      | Learned a level 1 spell: Freeze
  7339 | D:6      | Reached skill level 1 in Air Magic
  7508 | D:6      | Reached skill level 5 in Stealth
  7831 | D:6      | Reached skill level 1 in Ice Magic
  7835 | D:6      | Reached skill level 1 in Fire Magic
  8277 | D:6      | Reached XP level 9. HP: 54/59 MP: 18/18
  8326 | D:6      | Found a hide-covered altar of Uskayaw.
  8454 | D:7      | Cast into level 1 of the Abyss (orc)
  8486 | Abyss:1  | Noticed a thrashing horror
  8490 | D:7      | Escaped the Abyss
  9016 | D:7      | Gained mutation: You can translocate small distances at
                  | will. [potion of mutation]
  9016 | D:7      | Gained mutation: You are partially covered in icy blue
                  | scales. (AC +2) [potion of mutation]
  9016 | D:7      | Gained mutation: Your spells are a little easier to cast,
                  | but a little less powerful. [potion of mutation]
  9016 | D:7      | Gained mutation: You have very sharp teeth. [potion of
                  | mutation]
  9369 | D:7      | Reached skill level 7 in Spellcasting
  9378 | D:7      | Offered knowledge of Sandblast by Vehumet.
  9696 | D:8      | Reached ** piety under Vehumet
  9859 | D:8      | Noticed Pikel
  9871 | D:7      | Reached skill level 5 in Fighting
  9884 | D:7      | Killed Pikel
 10199 | D:8      | Found a staircase to the Lair.
 10502 | D:9      | Learned a level 1 spell: Sandblast
 10513 | D:8      | Noticed a troll
 10816 | D:9      | Reached skill level 8 in Spellcasting
 10816 | D:9      | Reached XP level 10. HP: 12/66 MP: 13/22
 11429 | D:9      | Learned a level 4 spell: Ice Form
 11689 | D:9      | Found a basalt altar of Yredelemnul.
 12530 | D:8      | Reached skill level 1 in Transmutations
 12977 | D:8      | Offered knowledge of Frozen Ramparts by Vehumet.
 12982 | D:8      | Learned a level 3 spell: Frozen Ramparts
 13420 | D:8      | Found an ornate altar of the Wu Jian Council.
 13463 | D:8      | Noticed Jessica
 13470 | D:8      | Killed Jessica
 13470 | D:8      | Reached *** piety under Vehumet
 13471 | D:8      | Found a shimmering blue altar of Sif Muna.
 14454 | D:10     | Entered Level 10 of the Dungeon
 14455 | D:10     | Noticed Harold
 14478 | D:10     | Killed Harold
 14578 | D:10     | Reached skill level 9 in Spellcasting
 14713 | D:10     | Reached XP level 11. HP: 70/72 MP: 19/24
 14818 | D:10     | Offered knowledge of Airstrike by Vehumet.
 15092 | D:10     | Noticed Erica
 15101 | D:10     | Killed Erica
 15294 | D:10     | Noticed Nergalle
 15307 | D:10     | Killed Nergalle
 15307 | D:10     | Reached skill level 5 in Conjurations
 15800 | D:10     | Learned a level 4 spell: Airstrike
 15844 | Lair:1   | Entered Level 1 of the Lair of Beasts
 15867 | Lair:1   | Noticed a four-headed hydra
 15878 | Lair:1   | Killed a four-headed hydra
 15951 | D:8      | Reached **** piety under Vehumet
 16239 | Lair:1   | Reached skill level 5 in Short Blades
 16675 | Lair:1   | Offered knowledge of Stone Arrow by Vehumet.
 17868 | Lair:2   | Reached XP level 12. HP: 65/80 MP: 21/25
 17945 | Lair:2   | Reached skill level 10 in Spellcasting
 18400 | Lair:3   | Reached ***** piety under Vehumet
 18407 | Lair:3   | Learned a level 3 spell: Stone Arrow
 18599 | Lair:3   | Found a staircase to the Snake Pit.
 18601 | Lair:3   | Noticed a four-headed hydra
 18627 | Lair:3   | Offered knowledge of Starburst by Vehumet.
 18645 | Lair:3   | Found a runed translucent gate.
 18650 | Lair:3   | Found a runed translucent gate.
 18650 | Lair:3   | Found a runed translucent gate.
 18676 | Lair:2   | Reached skill level 5 in Ice Magic
 18679 | Lair:2   | Reached skill level 5 in Dodging
 18767 | Lair:2   | Noticed a four-headed hydra
 18788 | Lair:2   | Killed a four-headed hydra
 19628 | Lair:3   | Reached skill level 1 in Earth Magic
 19911 | Lair:3   | Killed a four-headed hydra
 20166 | Lair:3   | Found a staircase to the Shoals.
 20389 | Lair:3   | Reached skill level 1 in Shields
 20743 | Lair:3   | Noticed strylygaldwir's ghost (journeyman GrEE)
 20962 | Lair:4   | Noticed a death yak
 20962 | Lair:4   | Noticed a death yak
 20963 | Lair:4   | Noticed a death yak
 21094 | Lair:3   | Reached skill level 11 in Spellcasting
 21491 | Lair:4   | Noticed a death yak
 21491 | Lair:4   | Noticed a death yak
 21506 | Lair:4   | Noticed a dire elephant
 21540 | Lair:4   | Reached XP level 13. HP: 28/88 MP: 13/28
 21605 | Lair:5   | Found a shimmering altar of Xom.
 21654 | Lair:5   | Killed from afar by a rime drake

Levels and vault maps discovered:
D:1:      kennysheep_arrival_seaside, layout_loops_ring, serial_bayou,
          serial_bayou_pond_e, serial_bayou_pond_a, serial_bayou_shore_a,
          serial_bayou_pond_c
D:2:      layout_loops_corners, tgw_trog, chequers_ecumenical_altar_simple,
          first_ration, solitary_fountain
D:3:      layout_basic, overflow_temple_1_default, gup_sewer_entry_pipe,
          st_stairs_11
D:4:      layout_loops_cross, minmay_temple_entry_statues_fountains,
          nicolae_qazlal_general_emergency
D:5:      layout_cave_pools, doesnt_xom_only_xom, evilmike_ruin_ashenzari,
          serial_shops, shop, wad_rectangle_vault, uniq_ijyb
D:6:      layout_loops_cross, marbit_many_paths
D:7:      layout_basic
D:8:      layout_basic, lemuel_doored_altar, tgw_sif, minmay_lair_entry_grove,
          uniq_pikel
D:9:      layout_grid_maze, yredelemnul_altar_generic
D:10:     layout_loops_ring, hangedman_little_slice_of_home,
          kennysheep_generic_room_9, uniq_erica, uniq_harold, uniq_nergalle
Temple:   cyrus_circular_temple
Lair:1:   layout_hall_layers, special_room [special_room_bee]
Lair:2:   layout_big_grid, enter_volcano_4, beast_lair_carwin_8,
          grunt_megastairs_2
Lair:3:   layout_concentric_octagons, elwin_shoals_entry_rooms,
          minmay_snake_entry_guardpost_medium, gammafunk_ghost_necromancy,
          grunt_forest_stairs_clearing, lemuel_fruit_tree
Lair:4:   beast_lair_carwin_large_4, layout_misc_corridors
Lair:5:   nzn_motion_control, layout_loops_ring, lemuel_oklob_altar

Skill      XL: |  1  2  3  4  5  6  7  8  9 10 11 12 |
---------------+-------------------------------------+-----
Stealth        | 3 4 5 6 7 8 |  8.5
Fighting       | 1 2 3 4 5 6 8 |  8.3
Spellcasting   | 4 5 6 8 9 11 | 11.3
Conjurations   | 2 3 4 5 6 |  6.9
Short Blades   | 1 2 3 4 5 |  5.7
Dodging        | 3 4 5 |  5.3
Poison Magic   | 1 2 3 |  3.6
Summonings     | 2 3 |  3.4
Air Magic      | 1 2 3 4 |  4.7
Ice Magic      | 1 2 3 4 5 |  5.5
Fire Magic     | 1 2 |  2.2
Translocations | 2 3 4 |  4.7
Transmutations | 2 3 |  3.3
Earth Magic    | 1 |  1.4
Shields        | 1 |  1.7
Throwing       | |  0.4
Unarmed Combat | |  0.1
Evocations     | |  0.5

Action                   |  1- 3 |  4- 6 |  7- 9 | 10-12 | 13-15 || total
-------------------------+-------+-------+-------+-------+-------++-------
Melee: Dagger            |    25 |   136 |   284 |   537 |    28 ||  1010
       Constrict         |     6 |    32 |    58 |    68 |     1 ||   165
       Tentacles         |     3 |    18 |    44 |   111 |     5 ||   181
       Bite              |       |       |     8 |    68 |     2 ||    78
       Unarmed           |       |       |       |    11 |       ||    11
Throw: Dart              |       |       |     7 |       |       ||     7
       Throwing net      |       |       |       |     5 |       ||     5
 Cast: Magic Dart        |    28 |    27 |   104 |    95 |       ||   254
       Call Imp          |     2 |     9 |    22 |    14 |       ||    47
       Mephitic Cloud    |       |     7 |    38 |    82 |    13 ||   140
       Blink             |       |     3 |    11 |    42 |     4 ||    60
       Conjure Flame     |       |       |     5 |     2 |       ||     7
       Freeze            |       |       |     8 |     2 |       ||    10
       Airstrike         |       |       |       |    18 |       ||    18
       Frozen Ramparts   |       |       |       |    15 |     1 ||    16
       Ice Form          |       |       |       |     2 |       ||     2
       Stone Arrow       |       |       |       |    13 |       ||    13
Evoke: Wand              |       |       |     7 |     4 |     1 ||    12
  Use: Scroll            |     1 |     7 |     2 |     6 |       ||    16
       Potion            |       |     2 |    15 |     1 |     3 ||    21
 Stab: Sleeping          |     5 |    13 |     6 |    15 |       ||    39
       Confused          |       |     3 |     3 |    36 |     3 ||    45
       Paralysed         |       |       |     2 |     2 |       ||     4
       Distracted        |       |       |       |     2 |       ||     2
  Eat: Chunk             |     2 |    10 |    15 |    17 |       ||    44
       Ration            |       |       |     3 |     5 |       ||     8
Armor: Skin              |       |     3 |    68 |    56 |    37 ||   164
Dodge: Dodged            |    14 |    81 |   157 |   477 |    33 ||   762
Block: Buckler           |       |       |       |     8 |     7 ||    15

Table legend:
 A = Non-vault XP
 B = Vault XP
 C = Vault XP percentage of total XP
 D = Non-vault monster count
 E = Vault monster count
 F = Vault count percentage of total count
                 A         B        C        D         E       F
            +---------+---------+-------+---------+---------+-------
      Total |   23446 |   11178 |  32.3 |     281 |      93 |  24.9
            +---------+---------+-------+---------+---------+-------
        D:1 |      26 |       0 |   0.0 |      11 |       0 |   0.0
        D:2 |     175 |      13 |   6.9 |      29 |       5 |  14.7
        D:3 |      29 |      27 |  48.2 |       9 |      11 |  55.0
        D:4 |     409 |       0 |   0.0 |      18 |       0 |   0.0
        D:5 |     627 |     229 |  26.8 |      32 |       6 |  15.8
        D:6 |     828 |       0 |   0.0 |      24 |       0 |   0.0
        D:7 |     957 |     620 |  39.3 |      24 |       1 |   4.0
        D:8 |    1392 |    1486 |  51.6 |      24 |      13 |  35.1
        D:9 |     786 |     116 |  12.9 |      14 |       1 |   6.7
       D:10 |    1313 |    2972 |  69.4 |      27 |      12 |  30.8
     Temple |      40 |       0 |   0.0 |       1 |       0 |   0.0
     Lair:1 |    3729 |    1148 |  23.5 |      14 |      20 |  58.8
     Lair:2 |    4645 |    1694 |  26.7 |      20 |       8 |  28.6
     Lair:3 |    5443 |    2488 |  31.4 |      23 |      15 |  39.5
     Lair:4 |    2862 |     385 |  11.9 |      10 |       1 |   9.1
     Lair:5 |     185 |       0 |   0.0 |       1 |       0 |   0.0
            +---------+---------+-------+---------+---------+-------
